Unix NetHack Version 5.0.0-0 post-release - last build May 10 2026 23:12:36 (d1fa5d53e341ca933230fdaa984d921c805b60aa,branch:main).

Game began 2026-05-11 22:19:15, ended 2026-05-11 22:32:02.

Eesui, chaotic male human Rogue

                                    --+---- ---+-
                                   ..Y..........|
                                     -@.{..-
                                     |)---|-
                                     |)|
                                     -|-
                                      .|
                                      .|
                                     ---

Eesui the Cutpurse      St:14 Dx:16 Co:14 In:15 Wi:11 Ch:8  Chaotic
Dlvl:8  $:28 HP:39(39) Pw:15(15) AC:0  Xp:5/186 T:2934 

Latest messages:
 There is a garter snake corpse here; eat it? [ynq] (n)
 This garter snake corpse is gamey.
 You finish eating the garter snake corpse.
 The little dog misses the garter snake.
 You hit the garter snake.
 You miss the garter snake.
 The little dog misses the garter snake.
 The little dog bites the garter snake.
 The garter snake is killed!
 You miss the garter snake.
 You miss the garter snake.
 You miss the garter snake.
 You hit the garter snake.
 The garter snake misses!
 You hit the garter snake.
 You miss the garter snake.
 The garter snake misses!
 The little dog bites the garter snake.
 The garter snake is killed!
 A little dart shoots out at you!
 A little dart misses you.
 The little dog drops a rock.
 You see here a looking glass.
 You see here a red gem.
 R - a red gem.
 You swap places with your little dog.
 You swap places with your little dog.
 You step onto a level teleport trap!
 You feel disoriented.
 You materialize on a different level!
 You hear a door open.
 You feel less confused now.
 You hear the chime of a cash register.
 The wood nymph opens a door.
 In what direction?
 The dagger hits the wood nymph.
 The monkey misses!
 The monkey misses!
 In what direction?
 The dagger hits the wood nymph.
 The monkey hits!
 The monkey stole a potion called 300 sky.
 The monkey tries to run away with your potion called 300 sky.
 The wood nymph pretends to be friendly.
 The wood nymph stole 2 potions called heal.
 The wood nymph vanishes!
 You see a door open.
 #
 Really quit without saving? [yn] (n)
 Do you want your possessions identified? [ynq] (y)

Inventory:
 Coins    ('$')
  $ - 28 gold pieces
 Weapons  (')')
  g - 6 +0 daggers (at the ready)
  b - a rusty +0 dagger (wielded in left hand)
  a - a +0 short sword (wielded in right hand)
 Armor    ('[')
  y - an uncursed +1 orcish helm (being worn)
  K - an uncursed +0 pair of iron shoes (being worn)
  q - an uncursed +0 cloak of protection (being worn)
  c - an uncursed +1 leather armor (being worn)
 Comestibles  ('%')
  n - 2 uncursed food rations
  r - an uncursed lembas wafer
 Scrolls  ('?')
  D - an uncursed scroll of amnesia
  p - an uncursed scroll of create monster
  t - an uncursed scroll of enchant armor
  C - an uncursed scroll of identify
  z - an uncursed scroll of remove curse
 Spellbooks  ('+')
  u - an uncursed spellbook of detect monsters
 Potions  ('!')
  G - an uncursed potion of gain ability
  d - an uncursed potion of sickness
  l - an uncursed potion of speed
 Rings    ('=')
  A - an uncursed ring of stealth
 Wands    ('/')
  i - a wand of slow monster (0:7)
 Tools    ('(')
  f - an empty uncursed oilskin sack
  e - an uncursed lock pick
  v - an uncursed stethoscope
  H - an uncursed tin whistle
 Gems/Stones  ('*')
  N - an uncursed worthless piece of blue glass
  R - an uncursed worthless piece of red glass
  w - an uncursed worthless piece of violet glass
  P - an uncursed worthless piece of white glass

Eesui the Rogue's attributes:

Background:
 You were a Cutpurse, a level 5 male human Rogue.
 You were chaotic, nominally on a mission for Kos
 who was opposed by Issek (lawful) and Mog (neutral).
 You were right-handed.
 You were in the Gnomish Mines, on level 8.
 You entered the dungeon 2934 turns ago.
 It was nighttime.
 You had 186 experience points, 134 more were needed to attain level 6.

Basics:
 You had all 39 hit points.
 You had all 15 energy points (spell power).
 Your armor class was 0.
 Your wallet contained 28 zorkmids.
 Autopickup was on for '$?!/=+"' plus thrown.

Final Characteristics:
 Your strength was 14 (limit:18/100).
 Your dexterity was 16 (limit:18).
 Your constitution was 14 (limit:18).
 Your intelligence was 15 (limit:18).
 Your wisdom was 11 (limit:18).
 Your charisma was 8 (limit:18).

Final Status:
 You weren't hungry.
 You were unencumbered.
 You were wielding two weapons at once.
 You had basic skill with short sword and two weapons.
 You also had basic skill with dagger and two weapons.

Final Attributes:
 You were piously aligned.
 You were telepathic.
 You were stealthy.
 You were protected.
 You survived.

Miscellaneous:
 You disabled loading of bones levels.
 Total elapsed playing time was 12 minutes and 47 seconds.

Major events:
 Turn
    1: Eesui the chaotic male human Rogue entered the dungeon
 1449: entered the Gnomish Mines
 1547: attained the rank of Cutpurse (level 3)
 1799: entered Sokoban
 2926: reached Mine Town
 2934: quit

You didn't know any spells.

Skills:
 Fighting Skills
   bare handed combat [Unskilled]
   two weapon combat  [Basic]
   riding             [Unskilled]
 Weapon Skills
   dagger             [Basic]
   knife              [Unskilled]
   short sword        [Basic]
   broadsword         [Unskilled]
   long sword         [Unskilled]
   two-handed sword   [Unskilled]
   saber              [Unskilled]
   club               [Unskilled]
   mace               [Unskilled]
   morning star       [Unskilled]
   flail              [Unskilled]
   hammer             [Unskilled]
   polearms           [Unskilled]
   spear              [Unskilled]
   crossbow           [Unskilled]
   dart               [Unskilled]
   shuriken           [Unskilled]
 Spellcasting Skills
   divination spells  [Unskilled]
   escape spells      [Unskilled]
   matter spells      [Unskilled]

Voluntary challenges:
 Character rerolling was not enabled.
 You were an atheist.
 You never genocided any monsters.
 You never polymorphed an object.
 You never changed form.
 You used no wishes.
 You did not violate any of the special Sokoban rules.
Achievements:
 You entered a shop.
 You entered the Gnomish Mines.
 You attained the rank of Cutpurse.
 You entered Sokoban.
 You entered Minetown.

 The Dungeons of Doom: levels 1 to 6
    Level 1:
       Some fountains, a grave.
    Level 2:
       A general store.
    Level 3:
       A potion shop, some fountains, a grave.
    Level 4:
       A fountain.
       Stairs down to The Gnomish Mines.
    Level 5:
    Level 6:
       Stairs up to Sokoban, level 5.
 The Gnomish Mines: levels 5 to 8
    Level 5:
    Level 8: <- You were here.
       A fountain.
 Sokoban:
    Level 5:
       Unsolved.


Vanquished creatures:
  a shrieker
  a gnome leader
  2 floating eyes
  3 dwarves
  2 hill orcs
  2 dwarf zombies
 an iguana
  2 coyotes
  2 hobbits
  a large kobold
  2 giant rats
  a brown mold
  a yellow mold
  7 gnomes
  7 garter snakes
  a gnome zombie
  a gecko
  5 jackals
  a kobold
  a goblin
  3 sewer rats
  2 grid bugs
  3 lichens
  2 kobold zombies
  5 newts
59 creatures vanquished.

No species were genocided or became extinct.

Goodbye Eesui the Rogue...

You quit in The Gnomish Mines on dungeon level 8 with 1122 points,
and 28 pieces of gold, after 2934 moves.
You were level 5 with a maximum of 39 hit points when you quit.

